 Dungeon Crawl Stone Soup version 0.29-a0-819-g94b489e0ae (webtiles) character file.

Game seed: 14496857684812708510

1247 Lekart the Chopper (level 8, -8/69 HPs)
             Began as a Purple Draconian Fighter on July 6, 2022.
             Was an Initiate of the Shining One.
             Killed from afar by an electric eel (10 damage)
             ... with a bolt of electricity
             ... on level 6 of the Dungeon on July 7, 2022.
             The game lasted 00:06:39 (5504 turns).

Lekart the Chopper (Purple Draconian Fighter)       Turns: 5504, Time: 00:06:39

Health: -8/69      AC:  7    Str: 22    XL:     8   Next: 25%
Magic:  26/26      EV: 12    Int:  8    God:    the Shining One [......]
Gold:   386        SH:  4    Dex: 10    Spells: 7/7 levels left

rFire   . . .      SeeInvis .   a - +2 war axe (flame)
rCold   . . .      Faith    +   b - +0 buckler
rNeg    + . .      Spirit   .   (body armour unavailable)
rPois   +          Reflect  .   u - +0 hat "Uxtociept" {rN+ Will+ MP+9}
rElec   .          Harm     .   n - +0 cloak
rCorr   .          Rampage  .   (no gloves)
Will    ++...                   (no boots)
Stlth   +.........              f - amulet of faith
HPRegen 0.21/turn               i - ring of poison resistance
MPRegen 0.20/turn               e - ring of magical power

@: glowing
A: breathe power, AC +6, unfitting armour, cold-blooded
a: Breathe Dispelling Energy, Renounce Religion


You were on level 6 of the Dungeon.
You worshipped the Shining One.
The Shining One was noncommittal.
You visited 2 branches of the dungeon, and saw 7 of its levels.
You also visited: Sewer.

You collected 386 gold pieces.

Inventory:

Hand Weapons
 a - a +2 war axe of flaming (weapon)
Armour
 b - a +0 buckler (worn)
 n - a +0 cloak (worn)
 u - the +0 hat "Uxtociept" (worn) {rN+ Will+ MP+9}
   (You found it in a sewer)

   rN:        It protects you from negative energy.
   MP:        It affects your magic capacity (+9).
   Will:      It increases your willpower.
Jewellery
 e - a ring of magical power (right hand)
 f - an amulet of faith (around neck)
 i - a ring of poison resistance (left hand)
 p - a ring of ice
 q - an amulet of reflection
Wands
 o - a wand of iceblast (3)
Scrolls
 g - a scroll of teleportation
 s - a scroll of noise
Potions
 c - 3 potions of might
 d - a potion of magic
 h - 2 potions of invisibility
 j - 3 potions of curing
 k - 2 potions of heal wounds {unknown}
 l - a potion of flight {unknown}
 m - 2 potions of mutation {unknown}
 r - 2 potions of degeneration {unknown}
 t - a potion of berserk rage
 v - a potion of brilliance {unknown}


   Skills:
 + Level 5.4 Fighting
 + Level 7.7 Axes
 + Level 0.1 Throwing
 + Level 4.5 Dodging
 + Level 4.4 Shields
 * Level 0.8 Invocations


You had 7 spell levels left.
You didn't know any spells.
Your spell library contained the following spells:

 Spells                   Type           Power      Damage    Failure   Level
 Ensorcelled Hibernation  Hex/Ice        0%         N/A       63%         2
 Passwall                 Tmut/Erth      0%         N/A       63%         2
 Swiftness                Air            0%         N/A       86%         3


Dungeon Overview and Level Annotations

Branches:
Dungeon (6/15)             Temple (1/1) D:5           Sewer (visited)

Altars:
Ashenzari
Cheibriados
Dithmenos
Fedhas
Gozag
Hepliaklqana
Kikubaaqudgha
Makhleb
Nemelex Xobeh
Ru
Trog
Uskayaw
Vehumet
Xom
Yredelemnul
Zin
The Shining One


Innate Abilities, Weirdness & Mutations

You can breathe bolts of dispelling energy.
Your rich purple scales are hard. (AC +6)
You cannot fit into any form of body armour.
You are cold-blooded and may be slowed by cold attacks.


Message History

The bolt of electricity hits you!
There are monsters nearby!
Found a dagger.
The electric eel shoots out a bolt of lightning at you!
The bolt of electricity hits you!
The electric eel shoots out a bolt of lightning at you!
The bolt of electricity hits you.
There are monsters nearby! 2 iguanas come into view.
The iguana hisses angrily.
The hound barely misses you. The ice beast closely misses you.
The electric eel shoots out a bolt of lightning at you!
The bolt of electricity hits you!
You closely miss the ice beast. You barely miss the hound.
The hound closely misses you. The ice beast barely misses you.
The electric eel shoots out a bolt of lightning at you!
The bolt of electricity hits you! The hound barely misses you.
There are monsters nearby!
You are too injured to fight recklessly!
The hound attacks as you move away! The hound bites you but does no damage.
The ice beast attacks as you move away! The ice beast misses you.
The electric eel shoots out a bolt of lightning at you!
The bolt of electricity hits you!
* * * LOW HITPOINT WARNING * * *
The hound attacks as you move away! The hound completely misses you.
The electric eel shoots out a bolt of lightning at you!
The bolt of electricity hits you!
* * * LOW HITPOINT WARNING * * *
The bolt of electricity hits the electric eel.
The electric eel completely resists.
The electric eel shoots out a bolt of lightning at you!
The bolt of electricity hits you!
* * * LOW HITPOINT WARNING * * *
The bolt of electricity hits the electric eel.
The electric eel completely resists.
The hound misses you.
The electric eel shoots out a bolt of lightning at you!
The bolt of electricity hits you. The Shining One protects you from harm!
The bolt of electricity hits you!
You die...

......$:....... ##.##
.......!......≈ ...#
.⌠..⌠.ll.⌠..⌠.≈ #..#
..............≈ #..#
..............≈#####..##
.⌠..⌠)...⌠..⌠.≈#........
..............≈ ##...#.
≈≈≈S≈≈.hY≈S≈≈≈≈ #.....#
######'@###########...##
#.#...#.# #........#
#.#...#.# #######.##
#.##..#.# #.# #.##.##.#
##'## #.##.##.# ##...##
#.......# ##.....#
####.##.## ##.......
#######.#...####........


You could see an ice beast, 2 iguanas, a hound and 2 electric eels.

Vanquished Creatures
  Grinder (D:3)
  A water moccasin (D:5)
  Pargi (Sewer)
  2 ogres (D:5)
  Blork the orc (D:5)
  2 necrophages
  2 scorpions
  3 hounds
  A jelly (D:5)
  3 iguanas (D:5)
  10 adders
  A river rat (D:5)
  2 worms (D:2)
  4 dart slugs
  6 orcs
  8 bats
  2 endoplasms
  2 giant cockroaches
  8 goblins
  4 hobgoblins
  6 jackals
  4 quokkas
  5 ball pythons
  3 frilled lizards
  6 kobolds
  7 rats
  3 toadstools (D:1)
98 creatures vanquished.

Vanquished Creatures (others)
  A toadstool (D:1)
1 creature vanquished.

Grand Total: 99 creatures vanquished

Notes
Turn   | Place    | Note
-------+----------+-------------------------------------------
     0 | D:1      | Lekart the Draconian Fighter began the quest for the Orb.
     0 | D:1      | Reached XP level 1. HP: 19/19 MP: 1/1
   284 | D:1      | Reached XP level 2. HP: 26/26 MP: 2/2
  1171 | D:2      | Reached XP level 3. HP: 29/33 MP: 3/3
  1886 | D:3      | Reached skill level 3 in Axes
  2125 | D:3      | Reached XP level 4. HP: 23/40 MP: 4/4
  2574 | D:3      | Found a faded altar of an unknown god.
  2721 | D:3      | Found a radiant altar of Vehumet.
  2724 | D:3      | Found an ancient bone altar of Kikubaaqudgha.
  2904 | D:3      | Noticed Grinder
  2911 | D:3      | Paralysed by Grinder for 3 turns
  2920 | D:3      | Killed Grinder
  2921 | D:3      | Reached skill level 4 in Axes
  2921 | D:3      | Reached XP level 5. HP: 21/47 MP: 5/5
  2921 | D:3      | Reached XP level 6. HP: 24/53 MP: 6/6
  3139 | D:3      | Reached skill level 5 in Axes
  3633 | D:4      | Found a broken altar of Ashenzari.
  3799 | D:5      | Entered Level 5 of the Dungeon
  3838 | D:5      | Your scales start taking on a rich purple colour.
  3838 | D:5      | Reached XP level 7. HP: 48/60 MP: 7/7
  3909 | D:5      | Reached skill level 6 in Axes
  3932 | D:5      | Reached skill level 5 in Fighting
  4124 | D:5      | Noticed Blork the orc
  4136 | D:5      | Killed Blork the orc
  4137 | D:5      | Reached skill level 7 in Axes
  4168 | D:5      | Found a glowing drain.
  4173 | Sewer    | Entered a sewer
  4307 | Sewer    | Noticed Pargi
  4316 | Sewer    | Killed Pargi
  4339 | Sewer    | Identified the +0 hat "Uxtociept" {rN+ Will+ MP+9}
  4465 | D:5      | Reached XP level 8. HP: 68/68 MP: 8/8
  4585 | D:5      | Found a burning altar of Makhleb.
  4777 | D:5      | Found a staircase to the Ecumenical Temple.
  4792 | Temple   | Entered the Ecumenical Temple
  5027 | Temple   | Became a worshipper of the Shining One
  5080 | D:5      | Found a sacrificial altar of Ru.
  5503 | D:6      | HP: 2/69 [electric eel/bolt of electricity (7)]
  5504 | D:6      | The Shining One protects you from harm!
  5504 | D:6      | Killed from afar by an electric eel

Illustrated notes

Levels and vault maps discovered:
D:1:      ldierk_water_garden, layout_basic
D:2:      layout_rooms, nrook_mini_backslash, hangedman_decor_push,
          minmay_misc_feat_four_crosses, minivault_24
D:3:      minmay_diamond_boxcup, layout_basic, nicolae_overflow_squiral,
          chequers_ecumenical_altar_lobes, minmay_pentomino_pile, uniq_grinder
D:4:      layout_basic, overflow_temple_1_default
D:5:      layout_loops_corners, nicolae_ru_path_of_blood,
          mainiacjoe_overflow_surrounded_room, minmay_temple_entry_overgrown,
          gup_sewer_entry_bowl, chequers_serial_rivers_small_b,
          chequers_serial_rivers_micro_b, hangedman_abyss_or_decor_stabs,
          uniq_blork_the_orc
D:6:      layout_loops_corners, kennysheep_dice
Temple:   hc_temple_tempest_star

Skill      XL: |  1  2  3  4  5  6  7 |
---------------+----------------------+-----
Dodging        | 3 4 |  4.5
Axes           | 3 4 5 7 |  7.7
Fighting       | 4 5 |  5.4
Shields        | 4 |  4.4
Throwing       | |  0.1
Invocations    | |  0.8

Action                   |  1- 3 |  4- 6 |  7- 9 || total
-------------------------+-------+-------+-------++-------
Melee: War axe           |   109 |    84 |    73 ||   266
       Tailslap          |    14 |    16 |     6 ||    36
Throw: Throwing net      |       |     1 |       ||     1
  Use: Scroll            |     2 |    10 |       ||    12
 Stab: Distracted        |       |     1 |       ||     1
       Sleeping          |       |       |     1 ||     1
Armor: Skin              |    35 |    23 |    17 ||    75
Dodge: Dodged            |    71 |    51 |    41 ||   163
Block: Buckler           |    24 |    14 |    36 ||    74

Table legend: (Time is in decaauts)
 A = Elapsed time spent in this place.
 B = Non-inter-level travel time spent in this place.
 C = Inter-level travel time spent in this place.
 D = Time resting spent in this place.
 E = Time spent auto-exploring this place.
 F = Levels seen in this place.
 G = Mean time per level.
                   A        B        C        D        E       F      G
               +--------+--------+--------+--------+--------+-----+--------+
         Total |   5597 |   5406 |    191 |      0 |   4562 |   8 |  699.6 |
       Dungeon |   5097 |   4917 |    180 |      0 |   4142 |   6 |  849.5 |
        Temple |    247 |    236 |     11 |      0 |    221 |   1 |  247.0 |
         Sewer |    252 |    252 |      0 |      0 |    199 |   1 |  252.0 |
               +--------+--------+--------+--------+--------+-----+--------+

Top non-repeatable levels by time:
     D:3: 1447 daAuts
     D:5: 1090 daAuts
     D:1: 986 daAuts
     D:2: 872 daAuts
     D:4: 560 daAuts
   Sewer: 252 daAuts
  Temple: 247 daAuts
     D:6: 140 daAuts
